Workbook
Name Excel_BuiltIn_Print_Area: GERAL!$B$163:$J$65186
Name Excel_BuiltIn_Print_Area: 'ORÇAMENTO TELHADO TANCREDO'!$B$49:$J$65072
Name Print_Area_0: GERAL!$B$2:$J$162
Name Print_Area_0: 'ORÇAMENTO TELHADO TANCREDO'!$B$2:$J$48
Name Print_Area_1: GERAL!$IO$65178:$IO$65178
Name Print_Area_1: 'ORÇAMENTO TELHADO TANCREDO'!$IO$65064:$IO$65064

Sheet CRONOGRAMA
B2: CRONOGRAMA FÍSICO-FINANCEIRO
B3: Reforma Escola Municipal de Ensino Fundamental Tancredo de Almeida Neves
B4: MUNICÍPIO DE FLORES DA CUNHA
D6: ITEM | E6: 1º MÊS | F6: 2º MÊS | G6: 3º MÊS | H6: 4º MÊS | I6: 5º MÊS | J6: 6º MÊS | K6: TOTAL | L6: PERC. TOTAL
B7: 1 | D7: SERVIÇOS PRELIMINARES | E7: =E8*$K$7 -> #REF! | F7: =F8*$K$7 -> #REF! | G7: =G8*$K$7 -> #REF! | H7: =H8*$K$7 -> #REF! | I7: =I8*$K$7 -> #REF! | J7: =J8*$K$7 -> #REF! | K7: =#REF! -> #REF! | L7: =K7/$K$27 -> #REF!
E8: 0.25 | F8: 0.15 | G8: 0.15 | H8: 0.15 | I8: 0.15 | J8: 0.15 | K8: =SUM(E8:J8) -> 1
B9: 2 | D9: REPARO FORROS - BIBLIOTECA | E9: =E10*$K$9 -> #REF! | F9: =F10*$K$9 -> #REF! | G9: =G10*$K$9 -> #REF! | H9: =H10*$K$9 -> #REF! | I9: =I10*$K$9 -> #REF! | J9: =J10*$K$9 -> #REF! | K9: =#REF! -> #REF! | L9: =K9/$K$27 -> #REF!
E10: 1 | K10: =SUM(E10:J10) -> 1
B11: 3 | D11: REPARO PISOS E RODAPÉS SALAS | E11: =E12*$K$11 -> #REF! | F11: =F12*$K$11 -> #REF! | G11: =G12*$K$11 -> #REF! | H11: =H12*$K$11 -> #REF! | I11: =I12*$K$11 -> #REF! | J11: =J12*$K$11 -> #REF! | K11: =#REF! -> #REF! | L11: =K11/$K$27 -> #REF!
F12: 1 | K12: =SUM(E12:J12) -> 1
B13: 4 | D13: REFORMA BANHEIROS | E13: =E14*$K$13 -> #REF! | F13: =F14*$K$13 -> #REF! | G13: =G14*$K$13 -> #REF! | H13: =H14*$K$13 -> #REF! | I13: =I14*$K$13 -> #REF! | J13: =J14*$K$13 -> #REF! | K13: =#REF! -> #REF! | L13: =K13/$K$27 -> #REF!
G14: 0.3 | H14: 0.3 | I14: 0.4 | K14: =SUM(E14:J14) -> 1
B15: 5 | D15: PINTURA | E15: =E16*$K$15 -> #REF! | F15: =F16*$K$15 -> #REF! | G15: =G16*$K$15 -> #REF! | H15: =H16*$K$15 -> #REF! | I15: =I16*$K$15 -> #REF! | J15: =J16*$K$15 -> #REF! | K15: =#REF! -> #REF! | L15: =K15/$K$27 -> #REF!
G16: 0.25 | H16: 0.25 | I16: 0.25 | J16: 0.25 | K16: =SUM(E16:J16) -> 1
B17: 6 | D17: REPAROS INTERNOS GERAIS | E17: =E18*$K$17 -> #REF! | F17: =F18*$K$17 -> #REF! | G17: =G18*$K$17 -> #REF! | H17: =H18*$K$17 -> #REF! | I17: =I18*$K$17 -> #REF! | J17: =J18*$K$17 -> #REF! | K17: =#REF! -> #REF! | L17: =K17/$K$27 -> #REF!
G18: 0.5 | H18: 0.5 | K18: =SUM(E18:J18) -> 1
B19: 7 | D19: REPAROS EXTERNOS GERAIS | E19: =E20*$K$19 -> #REF! | F19: =F20*$K$19 -> #REF! | G19: =G20*$K$19 -> #REF! | H19: =H20*$K$19 -> #REF! | I19: =I20*$K$19 -> #REF! | J19: =J20*$K$19 -> #REF! | K19: =#REF! -> #REF! | L19: =K19/$K$27 -> #REF!
I20: 0.5 | J20: 0.5 | K20: =SUM(E20:J20) -> 1
B21: 8 | D21: INSTALAÇÕES ELÉTRICAS | E21: =E22*$K$21 -> #REF! | F21: =F22*$K$21 -> #REF! | G21: =G22*$K$21 -> #REF! | H21: =H22*$K$21 -> #REF! | I21: =I22*$K$21 -> #REF! | J21: =J22*$K$21 -> #REF! | K21: =#REF! -> #REF! | L21: =K21/$K$27 -> #REF!
E22: 0.25 | F22: 0.25 | G22: 0.25 | H22: 0.25 | K22: =SUM(E22:J22) -> 1
B23: 9 | D23: TELHADO | E23: =E24*$K$23 -> #REF! | F23: =F24*$K$23 -> #REF! | G23: =G24*$K$23 -> #REF! | H23: =H24*$K$23 -> #REF! | I23: =I24*$K$23 -> #REF! | J23: =J24*$K$23 -> #REF! | K23: =#REF! -> #REF! | L23: =K23/$K$27 -> #REF!
B24: , | E24: 0.1 | F24: 0.2 | G24: 0.2 | H24: 0.2 | I24: 0.2 | J24: 0.1 | K24: =SUM(E24:J24) -> 1
B25: 10 | D25: SERVIÇOS COMPLEMENTARES | E25: =E26*$K$25 -> #REF! | F25: =F26*$K$25 -> #REF! | G25: =G26*$K$25 -> #REF! | H25: =H26*$K$25 -> #REF! | I25: =I26*$K$25 -> #REF! | J25: =J26*$K$25 -> #REF! | K25: =#REF! -> #REF! | L25: =K25/$K$27 -> #REF!
J26: 1 | K26: =SUM(E26:J26) -> 1
D27: Total da Etapa | E27: =E7+E9+E11+E13+E15+E17+E23+E25+E19+E21 -> #REF! | F27: =F7+F9+F11+F13+F15+F17+F23+F25+F19+F21 -> #REF! | G27: =G7+G9+G11+G13+G15+G17+G23+G25+G19+G21 -> #REF! | H27: =H7+H9+H11+H13+H15+H17+H23+H25+H19+H21 -> #REF! | I27: =I7+I9+I11+I13+I15+I17+I23+I25+I19+I21 -> #REF! | J27: =J7+J9+J11+J13+J15+J17+J23+J25+J19+J21 -> #REF! | K27: =SUM(E27:J27) -> #REF! | L27: =K27/$K$27 -> #REF!
E28: =E27/$K$27 -> #REF! | F28: =F27/$K$27 -> #REF! | G28: =G27/$K$27 -> #REF! | H28: =H27/$K$27 -> #REF! | I28: =I27/$K$27 -> #REF! | J28: =J27/$K$27 -> #REF! | K28: =SUM(E28:J28) -> #REF!
D29: Total Acumulado | E29: =E27 -> #REF! | F29: =E29+F27 -> #REF! | G29: =F29+G27 -> #REF! | H29: =G29+H27 -> #REF! | I29: =H29+I27 -> #REF! | J29: =I29+J27 -> #REF!
E30: =E28 -> #REF! | F30: =SUM(E30+F28) -> #REF! | G30: =SUM(F30+G28) -> #REF! | H30: =SUM(G30+H28) -> #REF! | I30: =SUM(H30+I28) -> #REF! | J30: =SUM(I30+J28) -> #REF!
I33: Flores da Cunha, 19 de maio de 2025.
H39: _______________________________________________________________
G40: NATIELE FERRARI PAGLIARINI
G41: Engenheira Civil - CREA-RS 225534

Sheet COMPOSIÇÕES
A5: COMPOSIÇÃO 01 (SINAPI JAN/2025)
A6: APLICAÇÃO MANUAL DE TINTA LÁTEX EMBORRACHADA EM PAREDE EXTERNAS DE CASAS, DUAS DEMÃOS
A7: SINAPI | C7: Quant. | E7: Valor | F7: TOTAL
A8: 7356 | B8: TINTA LATEX ACRILICA PREMIUM, COR BRANCO FOSCO | C8: =(16/76)*2 -> 0.42105263 | D8: L | E8: 11.99 | F8: =C8*E8 -> 5.0484211
A9: 88310 | B9: PINTOR COM ENCARGOS COMPLEMENTARES | C9: =0.4927*2 -> 0.9854 | D9: H | E9: 29.87 | F9: =C9*E9 -> 29.433898
F10: =SUM(F8:F9) -> 34.482319
A12: COMPOSIÇÃO xx (SINAPI JAN/2025)
A13: APLICAÇÃO MANUAL DE TINTA EMBORRACHADA EM TETO, DUAS DEMÃOS
A14: SINAPI | C14: Quant. | E14: Valor | F14: TOTAL
A15: 7356 | B15: TINTA LATEX ACRILICA PREMIUM, COR BRANCO FOSCO | C15: =(16/76)*2 -> 0.42105263 | D15: L | E15: 11.99 | F15: =C15*E15 -> 5.0484211
A16: 88310 | B16: PINTOR COM ENCARGOS COMPLEMENTARES | C16: =((0.4927)+(0.4927*0.35))*2 -> 1.33029 | D16: H | E16: 29.87 | F16: =C16*E16 -> 39.735762
F17: =SUM(F15:F16) -> 44.784183
G18: R$ | H18: =(939.9+1054+739.4)/3 -> 911.1
G19: rendimento | H19: 76 m²
A21: COMPOSIÇÃO 02 - ADAPTAÇÃO SINAPI - 100848
A22: VASO SANITÁRIO INFANTIL COM CAIXA ACOPLADA LOUÇA BRANCA - FORNECIMENTO E INSTALACAO
A23: SINAPI | C23: Quant. | E23: Valor | F23: TOTAL
A24: LICITACON | B24: VASO SANITÁRIO INFANTIL, COM CAIXA ACOPLADA, COR BRANCO, 01 BOTÃO DESCARGA 3,6 LITROS. CONFORME NORMAS VIGENTES ABNT/NBR - INMETRO. | C24: 1 | D24: UNI | F24: =F36 -> 678.28567
A25: 4384 | B25: PARAFUSO NIQUELADO COM ACABAMENTO CROMADO PARA FIXAR PECA SANITARIA, INCLUI PORCA CEGA, ARRUELA E BUCHA DE NYLON TAMANHO S-10 | C25: 1 | D25: UNI | E25: 35 | F25: =C25*E25 -> 35
A26: 6138 | B26: ANEL DE VEDACAO, PVC FLEXIVEL, 100 MM, PARA SAIDA DE BACIA / VASO SANITARIO | C26: 1 | D26: UNI | E26: 15.6 | F26: =C26*E26 -> 15.6
A27: 37329 | B27: REJUNTE EPOXI, QUALQUER COR | C27: 0.0881 | D27: KG | E27: 96.46 | F27: =C27*E27 -> 8.498126
A28: 88267 | B28: ENCANADOR OU BOMBEIRO HIDRÁULICO COM ENCARGOS COMPLEMENTARES | C28: 0.4968 | D28: H | E28: 27.68 | F28: =C28*E28 -> 13.751424
A29: 88316 | B29: SERVENTE COM ENCARGOS COMPLEMENTARES | C29: 0.3495 | D29: H | E29: 23.48 | F29: =C29*E29 -> 8.20626
F30: =SUM(F24:F29) -> 759.34148
A31: PESQUISA LICITACON - VASO SANITÁRIO INFANTIL, COM CAIXA ACOPLADA, COR BRANCO
A32: 1 | B32: PM DE IMBÉ - ATA DE REGISTRO DE PREÇO - EDITAL 0015/2026 PROCESSO 7011 | F32: 899
A33: 2 | B33: PM DE QUARAÍ - REGISTRO DE PREÇO 059/2025 | F33: 1092
A34: 3 | B34: PM DE TEOTÔNIA - REGISTRO DE PREÇO 044-01/2025 | F34: 770
E35: MÉDIA | F35: =(F32+F33+F34)/3 -> 920.33333
E36: DESCONTO BDI | F36: =F35-(F35*0.263) -> 678.28567
A39: COMPOSIÇÃO 03 - ADAPTAÇÃO SINAPI - 96361
A40: PAREDE COM SISTEMA EM CHAPAS DE GESSO VERDE, RESISTENTE A UMIDADE, USO INTERNO, COM DUAS FACES SIMPLES E ESTRUTURA METÁLICA COM GUIAS DUPLAS PARA PAREDES COM ÁREA LÍQUIDA MAIOR OU IGUAL A 6 M2, COM VÃOS.
A41: SINAPI | C41: Quant. | E41: Valor | F41: TOTAL
A42: 37586 | B42: PINO DE ACO COM ARRUELA CONICA, DIAMETRO ARRUELA = *23* MM E COMP HASTE = *27* MM (ACAO INDIRETA) | C42: 0.0592 | D42: CENTO | E42: 51.5 | F42: =C42*E42 -> 3.0488
A43: 39417 | B43: PLACA / CHAPA DE GESSO ACARTONADO, RESISTENTE A UMIDADE (RU), COR VERDE, E = 12,5 MM, 1200 X 2400 MM (L X C) | C43: 2.106 | D43: M² | E43: 32.3 | F43: =C43*E43 -> 68.0238
A44: 39419 | B44: PERFIL GUIA, FORMATO U, EM ACO ZINCADO, PARA ESTRUTURA PAREDE DRYWALL, E = 0,5 MM, 70 X 3000 MM (L X C) | C44: 1.8234 | D44: M | E44: 7.34 | F44: =C44*E44 -> 13.383756
A45: 39422 | B45: PERFIL MONTANTE, FORMATO C, EM ACO ZINCADO, PARA ESTRUTURA PAREDE DRYWALL, E = 0,5 MM, 70 X 3000 MM (L X C) | C45: 5.8278 | D45: M | E45: 8.33 | F45: =C45*E45 -> 48.545574
A46: 39431 | B46: FITA DE PAPEL MICROPERFURADO, 50 X 150 MM, PARA TRATAMENTO DE JUNTAS DE CHAPA DE GESSO PARA DRYWALL | C46: 2.5027 | D46: M | E46: 0.38 | F46: =C46*E46 -> 0.951026
A47: 39432 | B47: FITA DE PAPEL REFORCADA COM LAMINA DE METAL PARA REFORCO DE CANTOS DE CHAPA DE GESSO PARA DRYWALL | C47: 1.5851 | D47: M | E47: 3.39 | F47: =C47*E47 -> 5.373489
A48: 39434 | B48: MASSA DE REJUNTE EM PO PARA DRYWALL, A BASE DE GESSO, SECAGEM RAPIDA, PARA TRATAMENTO DE JUNTAS DE CHAPA DE GESSO (NECESSITA ADICAO DE AGUA) | C48: 1.0978 | D48: KG | E48: 4.24 | F48: =C48*E48 -> 4.654672
A49: 39435 | B49: PARAFUSO DRY WALL, EM ACO FOSFATIZADO, CABECA TROMBETA E PONTA AGULHA (TA), COMPRIMENTO 25 MM | C49: 20.1868 | D49: UN | E49: 0.11 | F49: =C49*E49 -> 2.220548
A50: 39443 | B50: PARAFUSO DRY WALL, EM ACO ZINCADO, CABECA LENTILHA E PONTA BROCA (LB), LARGURA 4,2 MM, COMPRIMENTO 13 MM | C50: 0.5441 | D50: UN | E50: 0.26 | F50: =C50*E50 -> 0.141466
A51: 88278 | B51: MONTADOR DE ESTRUTURA METÁLICA COM ENCARGOS COMPLEMENTARES | C51: 0.726 | D51: H | E51: 29.22 | F51: =C51*E51 -> 21.21372
A52: 88316 | B52: SERVENTE COM ENCARGOS COMPLEMENTARES | C52: 0.237 | D52: H | E52: 23.48 | F52: =C52*E52 -> 5.56476
F53: =SUM(F42:F52) -> 173.12161
A56: COMPOSIÇÃO 04 - ADAPTAÇÃO SINAPI - 103785
A57: LUMINÁRIA TIPO PLAFON QUADRADA, DE SOBREPOR, COM LED DE 24 W - FORNECIMENTO E INSTALAÇÃO
A58: SINAPI | C58: Quant. | E58: Valor | F58: TOTAL
A59: PESQUISA | B59: LUMINARIA PAINEL PLAFON, DE SOBREPOR, QUADRADA *30 X 30* CM, EM ALUMINIO ACABAMENTO BRANCO, COM ACRILICO, COM LAMPADAS LED 24W, BIVOLT | C59: 1 | D59: UNI | E59: =(41.72+51.5+39.9)/3 -> 44.373333 | F59: =C59*E59 -> 44.373333
A60: 88247 | B60: AUXILIAR DE ELETRICISTA COM ENCARGOS COMPLEMENTARES | C60: 0.1902472 | D60: H | E60: 25.2 | F60: =C60*E60 -> 4.7942294
A61: 88264 | B61: ELETRICISTA COM ENCARGOS COMPLEMENTARES | C61: 0.608791 | D61: H | E61: 30.11 | F61: =C61*E61 -> 18.330697
F62: =SUM(F59:F61) -> 67.49826
A64: COMPOSIÇÃO 05
A65: BEBEDOURO DE COLUNA, CONJUGADO ADULTO E INFANTIL, COM 2 TORNEIRAS, PURIFICADOR RE-FRIGERADO, EM INOX, 220 V 60 HZ.
A66: SINAPI | C66: Quant. | E66: Valor | F66: TOTAL
A67: LICITACON | B67: BEBEDOURO DE COLUNA, CONJUGADO ADULTO E INFANTIL, COM 2 TORNEIRAS, UMA DE JATO PARA A BOCA E OUTRA DE JATO PARA COPO, PURIFICADOR RE-FRIGERADO40, EM INOX, 220 V 60 HZ. | C67: 1 | D67: UNI | F67: =F75 -> 909.94933
A68: 88267 | B68: ENCANADOR OU BOMBEIRO HIDRÁULICO COM ENCARGOS COMPLEMENTARES | C68: 4 | D68: H | E68: 27.68 | F68: =C68*E68 -> 110.72
F69: =SUM(F67:F68) -> 1020.6693
A70: PESQUISA LICITACON - VASO SANITÁRIO INFANTIL, COM CAIXA ACOPLADA, COR BRANCO
A71: 1 | B71: PM DE BARÃO DO COTEGIPE - ATA DE REGISTRO DE PREÇO - Nº 45-2025 | F71: 920
A72: 2 | B72: CEASA - CONTRATO Nº 014/2025 | F72: 1015
A73: 3 | B73: FUNDARTE MONTENEGRO - CONTRATO Nº 30.019/2025 | F73: 1769
E74: MÉDIA | F74: =(F71+F72+F73)/3 -> 1234.6667
E75: DESCONTO BDI | F75: =F74-(F74*0.263) -> 909.94933
E82: canaleta
E83: 80.52
E84: 96.99
E85: 87
E86: =(E83+E84+E85)/3 -> 88.17 | F86: média
E87: =E86/2 -> 44.085 | F87: por metro
I92: CANALETA
E101: terminal de acabamento
E102: 12.54
E103: 8
E104: 9.98
E105: =(E102+E103+E104)/3 -> 10.173333 | F105: unidade
K106: 23.49
K107: 21.23
K108: 22.37
K109: =(K106+K107+K108)/3 -> 22.363333
C117: Curva
C118: 18.24
C119: 29.9
C120: 10.43
C121: 6.48
C122: =(C118+C119+C120+C121)/4 -> 16.2625 | D122: unidade
K130: 1399
K131: 839.9
K132: 1193.29
K133: =(K130+K131+K132)/3 -> 1144.0633
I145: 395.9
I146: 887.9
I147: 299.9
I148: =(I145+I146+I147)/3 -> 527.9

Sheet GERAL
E3: ORÇAMENTO GLOBAL | H3: Referências:
H4: Sinapi: | I4: 46105
H5: BDI: | I5: 0.263
B7: DPPU - DEPARTAMENTO DE PROJETOS E PLANEJAMENTO URBANO
B8: OBRA: | C8: REFORMA ESCOLA MUNICIPAL DE ENSINO FUNDAMENTAL TANCREDO DE ALMEIDA NEVES | F8: DATA: | G8: 45796
B9: LOCAL: | C9: R. Dom Pedro I, 280 - União, Flores da Cunha - RS
B10: ITEM | C10: FONTE | D10: CÓDIGO | E10: DESCRIÇÃO DOS SERVIÇOS | F10: QUANT. | G10: UNID. | H10: VALOR UNIT. SEM BDI (R$) | I10: VALOR UNIT. COM BDI (R$) | J10: VALOR TOTAL (R$)
B12: 1 | E12: SERVIÇOS PRELIMINARES
B13: 1.1 | C13: SINAPI | D13: 103689 | E13: FORNECIMENTO E INSTALAÇÃO DE PLACA DE OBRA COM CHAPA GALVANIZADA E ESTRUTURA DE MADEIRA. | F13: 3 | G13: M² | H13: 493.03 | I13: =ROUND(H13+(H13*I$5),2) -> 622.7 | J13: =ROUND(F13*I13,2) -> 1868.1
B14: 1.2 | C14: SINAPI | D14: 90778 | E14: ENGENHEIRO CIVIL DE OBRA PLENO COM ENCARGOS COMPLEMENTARES | F14: 48 | G14: H | H14: 135.68 | I14: =ROUND(H14+(H14*I$5),2) -> 171.36 | J14: =ROUND(F14*I14,2) -> 8225.28
B15: 1.3 | C15: PESQUISA | E15: CAÇAMBA DE ENTULHO GRANDE | F15: 15 | G15: UNID | H15: 450 | I15: =ROUND(H15+(H15*I$5),2) -> 568.35 | J15: =ROUND(F15*I15,2) -> 8525.25
B16: ="SUBTOTAL DE "&E12 -> SUBTOTAL DE SERVIÇOS PRELIMINARES | J16: =SUM(J13:J15) -> 18618.63
B18: 2 | E18: REPARO FORROS
B19: 2.1 | C19: SINAPI | D19: 97665 | E19: REMOÇÃO DE LUMINÁRIAS, DE FORMA MANUAL, SEM REAPROVEITAMENTO | F19: 150 | G19: UNID | H19: 1.97 | I19: =ROUND(H19+(H19*I$5),2) -> 2.49 | J19: =ROUND(I19*F19,2) -> 373.5
B20: 2.2 | C20: SINAPI | D20: 104793 | E20: REMOÇÃO DE CABOS ELÉTRICOS, COM SEÇÃO MAIOR QUE 2,5 MM² E MENOR QUE 10 MM², DE FORMA MANUAL, SEM REAPROVEITAMENTO. AF_09/2023 | F20: 5000 | G20: M | H20: 0.59 | I20: =ROUND(H20+(H20*I$5),2) -> 0.75 | J20: =ROUND(I20*F20,2) -> 3750
B21: 2.3 | C21: SINAPI - ADAP | D21: 97640 | E21: REMOÇÃO DE FORROS DE MADEIRA, DE FORMA MANUAL, SEM REAPROVEITAMENTO | F21: 815 | G21: M² | H21: 2.17 | I21: =ROUND(H21+(H21*I$5),2) -> 2.74 | J21: =ROUND(I21*F21,2) -> 2233.1
B22: 2.4 | C22: SINAPI | D22: 97642 | E22: REMOÇÃO DE TRAMA METÁLICA OU DE MADEIRA PARA FORRO, DE FORMA MANUAL, SEM REAPROVEITAMENTO | F22: 815 | G22: M² | H22: 3.12 | I22: =ROUND(H22+(H22*I$5),2) -> 3.94 | J22: =ROUND(I22*F22,2) -> 3211.1
B23: 2.5 | C23: SINAPI - I | D23: 39511 (A) | E23: FORRO DE LÃ DE PET EM PLACAS DE 625 X 625 MM, E = 15 MM, BORDA RETA, COM PINTURA ANTIMOFO, APOIADO EM PERFIL DE ACO GALVANIZADO COM 24 MM DE BASE - INSTALADO | F23: 815 | G23: M | H23: 105.05 | I23: =ROUND(H23+(H23*I$5),2) -> 132.68 | J23: =ROUND(I23*F23,2) -> 108134.2
B24: 2.6 | C24: SINAPI | D24: 88316 | E24: SERVENTE COM ENCARGOS COMPLEMENTARES | F24: 80 | G24: H | H24: 23.48 | I24: =ROUND(H24+(H24*I$5),2) -> 29.66 | J24: =ROUND(I24*F24,2) -> 2372.8
B25: ="SUBTOTAL DE "&E18 -> SUBTOTAL DE REPARO FORROS | J25: =SUM(J19:J24) -> 120074.7
B27: 3 | E27: REPARO PISOS E RODAPÉS SALAS
B28: 3.1 | C28: SINAPI | D28: 101751 | E28: PISO EM TACO DE MADEIRA 7X21CM, FIXADO COM COLA PU. AF_02/2026_PS | F28: 40 | G28: M² | H28: 315.1 | I28: =ROUND(H28+(H28*I$5),2) -> 397.97 | J28: =ROUND(I28*F28,2) -> 15918.8 | K28: *PISO TOTAL = 747m² - 5% de reparo
B29: 3.2 | C29: SINAPI | D29: 101739 | E29: RODAPÉ EM MADEIRA, ALTURA 7CM, FIXADO COM COLA E PARAFUSOS | F29: 50 | G29: M | H29: 47.43 | I29: =ROUND(H29+(H29*I$5),2) -> 59.9 | J29: =ROUND(I29*F29,2) -> 2995 | K29: *RODAPÉ TOTAL = 496,16 m - 10 % de reparo
B30: 3.3 | C30: SINAPI | D30: 102193 | E30: RODAPÉ - LIXAMENTO DE MADEIRA PARA APLICAÇÃO DE FUNDO OU PINTURA | F30: 3.5 | G30: M² | H30: 2.2 | I30: =ROUND(H30+(H30*I$5),2) -> 2.78 | J30: =ROUND(I30*F30,2) -> 9.73
B31: 3.4 | C31: SINAPI | D31: 102197 | E31: RODAPÉ - PINTURA FUNDO NIVELADOR ALQUÍDICO BRANCO EM MADEIRA. AF_01/2021 | F31: 3.5 | G31: M² | H31: 31.18 | I31: =ROUND(H31+(H31*I$5),2) -> 39.38 | J31: =ROUND(I31*F31,2) -> 137.83
B32: 3.5 | C32: SINAPI | D32: 102230 | E32: RODAPÉ -PINTURA TINTA DE ACABAMENTO (PIGMENTADA) ESMALTE SINTÉTICO BRILHANTE EM MADEIRA, 3 DEMÃOS. AF_01/2021 | F32: 3.5 | G32: M² | H32: 25.1 | I32: =ROUND(H32+(H32*I$5),2) -> 31.7 | J32: =ROUND(I32*F32,2) -> 110.95
B33: 3.6 | C33: SINAPI | D33: 88310 | E33: PINTOR COM ENCARGOS COMPLEMENTARES | F33: 20 | G33: H | H33: 29.87 | I33: =ROUND(H33+(H33*I$5),2) -> 37.73 | J33: =ROUND(I33*F33,2) -> 754.6
B34: 3.7 | C34: SINAPI | D34: 102215 | E34: PISO DE TACOS - PINTURA VERNIZ (INCOLOR) POLIURETÂNICO (RESINA ALQUÍDICA MODIFICADA) EM MADEIRA, 2 DEMÃOS | F34: 40 | G34: M² | H34: 20.34 | I34: =ROUND(H34+(H34*I$5),2) -> 25.69 | J34: =ROUND(I34*F34,2) -> 1027.6
B35: 3.8 | C35: SINAPI | D35: 95277 | E35: PISO DE TACOS - POLIDORA DE PISO (POLITRIZ), PESO DE 100KG, DIÂMETRO 450 MM, MOTOR ELÉTRICO, POTÊNCIA 4 HP - CHI DIURNO. | F35: 40 | G35: CHI | H35: 0.71 | I35: =ROUND(H35+(H35*I$5),2) -> 0.9 | J35: =ROUND(I35*F35,2) -> 36
B36: 3.9 | C36: SINAPI | D36: 95276 | E36: PISO DE TACOS - POLIDORA DE PISO (POLITRIZ), PESO DE 100KG, DIÂMETRO 450 MM, MOTOR ELÉTRICO, POTÊNCIA 4 HP - CHP DIURNO. | F36: 40 | G36: CHP | H36: 3.77 | I36: =ROUND(H36+(H36*I$5),2) -> 4.76 | J36: =ROUND(I36*F36,2) -> 190.4
B37: ="SUBTOTAL DE "&E27 -> SUBTOTAL DE REPARO PISOS E RODAPÉS SALAS | J37: =SUM(J28:J36) -> 21180.91
B39: 4 | E39: REFORMA BANHEIROS
B40: 4.1 | C40: SINAPI | D40: 97634 | E40: DEMOLIÇÃO DE REVESTIMENTO CERÂMICO, DE FORMA MECANIZADA COM MARTELETE, SEM REAPROVEITAMENTO | F40: 39 | G40: M² | H40: 8.04 | I40: =ROUND(H40+(H40*I$5),2) -> 10.15 | J40: =ROUND(I40*F40,2) -> 395.85
B41: 4.2 | C41: SINAPI | D41: 97628 | E41: PIAS - DEMOLIÇÃO DE LAJES, EM CONCRETO ARMADO, DE FORMA MANUAL, SEM REAPROVEITAMENTO. AF_09/2023 | F41: 3 | G41: M³ | H41: 287.9 | I41: =ROUND(H41+(H41*I$5),2) -> 363.62 | J41: =ROUND(I41*F41,2) -> 1090.86
B42: 4.3 | C42: SINAPI | D42: 97662 | E42: REMOÇÃO DE TUBULAÇÕES (TUBOS E CONEXÕES) DE ÁGUA FRIA, DE FORMA MANUAL, SEM REAPROVEITAMENTO | F42: 24 | G42: M | H42: 0.54 | I42: =ROUND(H42+(H42*I$5),2) -> 0.68 | J42: =ROUND(I42*F42,2) -> 16.32
B43: 4.4 | C43: SINAPI | D43: 104788 | E43: RASGO LINEAR MECANIZADO EM CONCRETO, PARA RAMAIS/ DISTRIBUIÇÃO DE INSTALAÇÕES HIDRÁULICAS, DIÂMETROS MAIORES QUE 75 MM E MENORES OU IGUAIS A 100 MM. | F43: 24 | G43: M | H43: 13.46 | I43: =ROUND(H43+(H43*I$5),2) -> 17 | J43: =ROUND(I43*F43,2) -> 408
B44: 4.5 | C44: SINAPI | D44: 89714 | E44: TUBO PVC, SERIE NORMAL, ESGOTO PREDIAL, DN 100 MM, FORNECIDO E INSTALADO EM RAMAL DE DESCARGA OU RAMAL DE ESGOTO SANITÁRIO | F44: 24 | G44: M | H44: 42.45 | I44: =ROUND(H44+(H44*I$5),2) -> 53.61 | J44: =ROUND(I44*F44,2) -> 1286.64
B45: 4.6 | C45: SINAPI | D45: 89744 | E45: JOELHO 90 GRAUS, PVC, SERIE NORMAL, ESGOTO PREDIAL, DN 100 MM, JUNTA ELÁSTICA, FORNECIDO E INSTALADO EM RAMAL DE DESCARGA OU RAMAL DE ESGOTO SANITÁRIO. AF_08/2022 | F45: 2 | G45: UNID | H45: 30.05 | I45: =ROUND(H45+(H45*I$5),2) -> 37.95 | J45: =ROUND(I45*F45,2) -> 75.9
B46: 4.7 | C46: SINAPI | D46: 89746 | E46: JOELHO 45 GRAUS, PVC, SERIE NORMAL, ESGOTO PREDIAL, DN 100 MM, JUNTA ELÁSTICA, FORNECIDO E INSTALADO EM RAMAL DE DESCARGA OU RAMAL DE ESGOTO SANITÁRIO. | F46: 2 | G46: UNID | H46: 31.08 | I46: =ROUND(H46+(H46*I$5),2) -> 39.25 | J46: =ROUND(I46*F46,2) -> 78.5
B47: 4.8 | C47: SINAPI | D47: 89797 | E47: JUNÇÃO SIMPLES, PVC, SERIE NORMAL, ESGOTO PREDIAL, DN 100 X 100 MM, JUNTA ELÁSTICA, FORNECIDO E INSTALADO EM RAMAL DE DESCARGA OU RAMAL DE ESGOTO SANITÁRIO | F47: 2 | G47: UNID | H47: 57.61 | I47: =ROUND(H47+(H47*I$5),2) -> 72.76 | J47: =ROUND(I47*F47,2) -> 145.52
B48: 4.9 | C48: SINAPI | D48: 90470 | E48: CHUMBAMENTO LINEAR EM CONTRAPISO PARA RAMAIS/DISTRIBUIÇÃO DE INSTALAÇÕES HIDRÁULICAS COM DIÂMETROS MAIORES QUE 75 MM E MENORES OU IGUAIS A 100 MM | F48: 24 | G48: M | H48: 16.01 | I48: =ROUND(H48+(H48*I$5),2) -> 20.22 | J48: =ROUND(I48*F48,2) -> 485.28
B49: 4.10 | C49: SINAPI | D49: 104779 | E49: RASGO LINEAR MECANIZADO EM ALVENARIA, PARA RAMAIS/ DISTRIBUIÇÃO DE INSTALAÇÕES HIDRÁULICAS, DIÂMETROS MENORES OU IGUAIS A 40 MM. | F49: 24 | G49: M | H49: 7.29 | I49: =ROUND(H49+(H49*I$5),2) -> 9.21 | J49: =ROUND(I49*F49,2) -> 221.04
B50: 4.11 | C50: SINAPI | D50: 89355 | E50: TUBO, PVC, SOLDÁVEL, DE 20MM, INSTALADO EM RAMAL OU SUB-RAMAL DE ÁGUA - FORNECIMENTO E INSTALAÇÃO | F50: 24 | G50: M | H50: 22.18 | I50: =ROUND(H50+(H50*I$5),2) -> 28.01 | J50: =ROUND(I50*F50,2) -> 672.24
B51: 4.12 | C51: SINAPI | D51: 89393 | E51: TE, PVC, SOLDÁVEL, DN 20MM, INSTALADO EM RAMAL OU SUB-RAMAL DE ÁGUA - FORNECIMENTO E INSTALAÇÃO | F51: =2*8 -> 16 | G51: UNID | H51: 12 | I51: =ROUND(H51+(H51*I$5),2) -> 15.16 | J51: =ROUND(I51*F51,2) -> 242.56
B52: 4.13 | C52: SINAPI | D52: 89371 | E52: LUVA, PVC, SOLDÁVEL, DN 20MM, INSTALADO EM RAMAL OU SUB-RAMAL DE ÁGUA - FORNECIMENTO E INSTALAÇÃO. | F52: =8*2 -> 16 | G52: UNID | H52: 6.56 | I52: =ROUND(H52+(H52*I$5),2) -> 8.29 | J52: =ROUND(I52*F52,2) -> 132.64
B53: 4.14 | C53: SINAPI | D53: 89358 | E53: JOELHO 90 GRAUS, PVC, SOLDÁVEL, DN 20MM, INSTALADO EM RAMAL OU SUB-RAMAL DE ÁGUA - FORNECIMENTO E INSTALAÇÃO | F53: =8*2 -> 16 | G53: UNID | H53: 8.6 | I53: =ROUND(H53+(H53*I$5),2) -> 10.86 | J53: =ROUND(I53*F53,2) -> 173.76
B54: 4.15 | C54: SINAPI | D54: 90466 | E54: CHUMBAMENTO LINEAR EM ALVENARIA PARA RAMAIS/DISTRIBUIÇÃO DE INSTALAÇÕES HIDRÁULICAS COM DIÂMETROS MENORES OU IGUAIS A 40 MM | F54: 24 | G54: M | H54: 15.79 | I54: =ROUND(H54+(H54*I$5),2) -> 19.94 | J54: =ROUND(I54*F54,2) -> 478.56
B55: 4.16 | C55: SINAPI - ADAP | D55: 86895 | E55: BANCADA DE GRANITO CINZA POLIDO, DE 5,60 X 0,60 M, 2 ALTURAS, PARA LAVATÓRIO - FORNECIMENTO E INSTALAÇÃO | F55: 1 | G55: UNID | H55: =365.37*11.2 -> 4092.144 | I55: =ROUND(H55+(H55*I$5),2) -> 5168.38 | J55: =ROUND(I55*F55,2) -> 5168.38
B56: 4.17 | C56: SINAPI - ADAP | D56: 86895 | E56: BANCADA DE GRANITO CINZA POLIDO, DE 5,40 X 0,60 M, 2 ALTURAS, PARA LAVATÓRIO - FORNECIMENTO E INSTALAÇÃO | F56: 1 | G56: UNID | H56: =365.37*10.8 -> 3945.996 | I56: =ROUND(H56+(H56*I$5),2) -> 4983.79 | J56: =ROUND(I56*F56,2) -> 4983.79
B57: 4.18 | C57: SINAPI | D57: 86937 | E57: CUBA DE EMBUTIR OVAL EM LOUÇA BRANCA, 35 X 50CM OU EQUIVALENTE, INCLUSO VÁLVULA EM METAL CROMADO E SIFÃO FLEXÍVEL EM PVC - FORNECIMENTO E INSTALAÇÃO. | F57: 10 | G57: UNID | H57: 288.53 | I57: =ROUND(H57+(H57*I$5),2) -> 364.41 | J57: =ROUND(I57*F57,2) -> 3644.1
B58: 4.19 | C58: SINAPI | D58: 86910 | E58: TORNEIRA CROMADA TUBO MÓVEL, DE PAREDE, 1/2" OU 3/4", PARA PIA, PADRÃO MÉDIO - FORNECIMENTO E INSTALAÇÃO. | F58: 10 | G58: UNID | H58: 229.57 | I58: =ROUND(H58+(H58*I$5),2) -> 289.95 | J58: =ROUND(I58*F58,2) -> 2899.5
B59: 4.20 | C59: SINAPI | D59: 98555 | E59: IMPERMEABILIZAÇÃO DE SUPERFÍCIE COM ARGAMASSA POLIMÉRICA / MEMBRANA ACRÍLICA, 3 DEMÃOS | F59: =F40 -> 39 | G59: M² | H59: 32.72 | I59: =ROUND(H59+(H59*I$5),2) -> 41.33 | J59: =ROUND(I59*F59,2) -> 1611.87
B60: 4.21 | C60: SINAPI | D60: 87256 | E60: REVESTIMENTO CERÂMICO PARA PISO COM PLACAS TIPO ESMALTADA DE DIMENSÕES 60X60 CM APLICADA EM AMBIENTES DE ÁREA ENTRE 5 M2 E 10 M2 | F60: 42.9 | G60: M² | H60: 74.13 | I60: =ROUND(H60+(H60*I$5),2) -> 93.63 | J60: =ROUND(I60*F60,2) -> 4016.73
B61: 4.22 | C61: SINAPI | D61: 88650 | E61: RODAPÉ CERÂMICO DE 7CM DE ALTURA COM PLACAS TIPO ESMALTADA DE DIMENSÕES 60X60CM. AF_02/2023 | F61: 61 | G61: M | H61: 12.06 | I61: =ROUND(H61+(H61*I$5),2) -> 15.23 | J61: =ROUND(I61*F61,2) -> 929.03
B62: 4.23 | C62: COMP 03 | E62: PAREDE COM SISTEMA EM CHAPAS DE GESSO VERDE, RESISTENTE A UMIDADE, USO INTERNO, COM DUAS FACES SIMPLES E ESTRUTURA METÁLICA COM GUIAS DUPLAS PARA PAREDES COM ÁREA LÍQUIDA MAIOR OU IGUAL A 6 M2, COM VÃOS. | F62: 8 | G62: M² | H62: =COMPOSIÇÕES!F53 -> 173.12161 | I62: =ROUND(H62+(H62*I$5),2) -> 218.65 | J62: =ROUND(I62*F62,2) -> 1749.2
B63: 4.24 | C63: SINAPI | D63: 88497 | E63: EMASSAMENTO COM MASSA LÁTEX, APLICAÇÃO EM PAREDE, DUAS DEMÃOS, LIXAMENTO MANUAL | F63: 16 | G63: M² | H63: 19.6 | I63: =ROUND(H63+(H63*I$5),2) -> 24.75 | J63: =ROUND(I63*F63,2) -> 396
B64: 4.25 | C64: SINAPI | D64: 88485 | E64: FUNDO SELADOR ACRÍLICO, APLICAÇÃO MANUAL EM PAREDE, UMA DEMÃO | F64: 31 | G64: M² | H64: 3.87 | I64: =ROUND(H64+(H64*I$5),2) -> 4.89 | J64: =ROUND(I64*F64,2) -> 151.59
B65: 4.26 | C65: SINAPI | D65: 88489 | E65: PINTURA LÁTEX ACRÍLICA PREMIUM, APLICAÇÃO MANUAL EM PAREDES, DUAS DEMÃOS | F65: 181.38 | G65: M² | H65: 13.74 | I65: =ROUND(H65+(H65*I$5),2) -> 17.35 | J65: =ROUND(I65*F65,2) -> 3146.94
B66: 4.27 | C66: SINAPI | D66: 91341 | E66: PORTA SANITÁRIOS -PORTA EM ALUMÍNIO DE ABRIR TIPO VENEZIANA COM GUARNIÇÃO, FIXAÇÃO COM PARAFUSOS - FORNECIMENTO E INSTALAÇÃO | F66: 9 | G66: M² | H66: 969.44 | I66: =ROUND(H66+(H66*I$5),2) -> 1224.4 | J66: =ROUND(I66*F66,2) -> 11019.6
B67: 4.28 | C67: SINAPI | D67: 94590 | E67: CONTRAMARCO DE ALUMÍNIO, FIXAÇÃO COM PARAFUSO - FORNECIMENTO E INSTALAÇÃO. AF_11/2024 | F67: 39.2 | G67: M | H67: 30.69 | I67: =ROUND(H67+(H67*I$5),2) -> 38.76 | J67: =ROUND(I67*F67,2) -> 1519.39
B68: 4.29 | C68: COMP 02 | E68: VASO SANITÁRIO INFANTIL, CAIXA ACOPLADA, 3,6 LITROS, LOUÇA BRANCA - FORNECIMENTO E INSTALAÇÃO | F68: 4 | G68: UNID | H68: =COMPOSIÇÕES!F30 -> 759.34148 | I68: =ROUND(H68+(H68*I$5),2) -> 959.05 | J68: =ROUND(I68*F68,2) -> 3836.2
B69: 4.30 | C69: SINAPI | D69: 100851 | E69: ASSENTO SANITÁRIO INFANTIL - FORNECIMENTO E INSTALACAO | F69: 4 | G69: UNID | H69: 74.36 | I69: =ROUND(H69+(H69*I$5),2) -> 93.92 | J69: =ROUND(I69*F69,2) -> 375.68
B70: 4.31 | C70: SINAPI | D70: 86888 | E70: VASO SANITÁRIO SIFONADO COM CAIXA ACOPLADA LOUÇA BRANCA - FORNECIMENTO E INSTALAÇÃO | F70: 4 | G70: UNID | H70: 571.35 | I70: =ROUND(H70+(H70*I$5),2) -> 721.62 | J70: =ROUND(I70*F70,2) -> 2886.48
B71: 4.32 | C71: SINAPI | D71: 100849 | E71: ASSENTO SANITÁRIO CONVENCIONAL - FORNECIMENTO E INSTALACAO | F71: 4 | G71: UNID | H71: 37.15 | I71: =ROUND(H71+(H71*I$5),2) -> 46.92 | J71: =ROUND(I71*F71,2) -> 187.68
B72: 4.33 | C72: SINAPI | D72: 86887 | E72: ENGATE FLEXÍVEL EM INOX, 1/2 X 40CM - FORNECIMENTO E INSTALAÇÃO. | F72: 8 | G72: UNID | H72: 88.06 | I72: =ROUND(H72+(H72*I$5),2) -> 111.22 | J72: =ROUND(I72*F72,2) -> 889.76
B73: 4.34 | C73: SINAPI | D73: 88316 | E73: SERVENTE COM ENCARGOS COMPLEMENTARES | F73: 40 | G73: H | H73: 23.48 | I73: =ROUND(H73+(H73*I$5),2) -> 29.66 | J73: =ROUND(I73*F73,2) -> 1186.4
B74: ="SUBTOTAL DE "&E39 -> SUBTOTAL DE REFORMA BANHEIROS | J74: =SUM(J40:J73) -> 56501.99
B76: 5 | E76: PINTURA
B77: 5.1 | E77: PINTURA INTERNA - FORROS
B78: 5.1.1 | C78: SINAPI | D78: 102193 | E78: LIXAMENTO DE MADEIRA PARA APLICAÇÃO DE FUNDO OU PINTURA | F78: 762 | G78: M² | H78: 2.2 | I78: =ROUND(H78+(H78*I$5),2) -> 2.78 | J78: =ROUND(I78*F78,2) -> 2118.36
B79: 5.1.2 | C79: SINAPI | D79: 102219 | E79: PINTURA TINTA DE ACABAMENTO (PIGMENTADA) ESMALTE SINTÉTICO ACETINADO EM MADEIRA, 2 DEMÃOS. | F79: =F78 -> 762 | G79: M² | H79: 17.56 | I79: =ROUND(H79+(H79*I$5),2) -> 22.18 | J79: =ROUND(I79*F79,2) -> 16901.16
B80: 5.2 | E80: PINTURA DE PORTAS EM METAL E MADEIRA, JANELAS BASCULANTES E GRADES DE PROTEÇÃO
B81: 5.2.1 | C81: SINAPI - I | D81: 10527 | E81: LOCACAO DE ANDAIME METALICO TUBULAR DE ENCAIXE, TIPO DE TORRE, CADA PAINEL COM LARGURA DE 1 ATE 1,5 M E ALTURA DE *1,00* M, INCLUINDO DIAGONAL, BARRAS DE LIGACAO, SAPATAS OU RODIZIOS E DEMAIS ITENS NECESSARIOS A MONTAGEM (NAO INCLUI INSTALACAO) | F81: =F82*4 -> 240 | G81: MXMES | H81: 30 | I81: =ROUND(H81+(H81*I$5),2) -> 37.89 | J81: =ROUND(I81*F81,2) -> 9093.6
B82: 5.2.2 | C82: SINAPI | D82: 97063 | E82: MONTAGEM E DESMONTAGEM DE ANDAIME MODULAR FACHADEIRO, COM PISO METÁLICO, PARA EDIFÍCIOS COM MULTIPLOS PAVIMENTOS (EXCLUSIVE ANDAIME E LIMPEZA) | F82: 60 | G82: M² | H82: 21.08 | I82: =ROUND(H82+(H82*I$5),2) -> 26.62 | J82: =ROUND(I82*F82,2) -> 1597.2
B83: 5.2.3 | C83: SINAPI | D83: 100717 | E83: LIXAMENTO MANUAL EM SUPERFÍCIES METÁLICAS EM OBRA. | F83: 311 | G83: M² | H83: 9.32 | I83: =ROUND(H83+(H83*I$5),2) -> 11.77 | J83: =ROUND(I83*F83,2) -> 3660.47
B84: 5.2.4 | C84: SINAPI | D84: 100758 | E84: PINTURA COM TINTA ALQUÍDICA DE ACABAMENTO (ESMALTE SINTÉTICO ACETINADO) APLICADA A ROLO OU PINCEL SOBRE SUPERFÍCIES METÁLICAS (EXCETO PERFIL) EXECUTADO EM OBRA (02 DEMÃOS) | F84: 311 | G84: M² | H84: 51.77 | I84: =ROUND(H84+(H84*I$5),2) -> 65.39 | J84: =ROUND(I84*F84,2) -> 20336.29 | L84: PINTURA INTERNA precisa?
B85: 5.2.5 | C85: SINAPI | D85: 88310 | E85: PINTOR COM ENCARGOS COMPLEMENTARES | F85: 100 | G85: H | H85: 29.87 | I85: =ROUND(H85+(H85*I$5),2) -> 37.73 | J85: =ROUND(I85*F85,2) -> 3773
B86: 5.3 | E86: PINTURA EXTERNA
B87: 5.3.1 | C87: SINAPI | D87: 102488 | E87: LIXAMENTO E LIMPEZA DE PAREDE EXISTENTE | F87: 978 | G87: M² | H87: 3.72 | I87: =ROUND(H87+(H87*I$5),2) -> 4.7 | J87: =ROUND(I87*F87,2) -> 4596.6
B88: 5.3.2 | C88: SINAPI | D88: 96130 | E88: REPAROS PAREDES APLICAÇÃO MANUAL DE MASSA ACRÍLICA EM PAREDES, UMA DEMÃO | F88: 195.6 | G88: M² | H88: 20.58 | I88: =ROUND(H88+(H88*I$5),2) -> 25.99 | J88: =ROUND(I88*F88,2) -> 5083.64 | K88: 20% das paredes
B89: 5.3.3 | C89: COMP 01 | E89: APLICAÇÃO MANUAL DE TINTA EMBORRACHADA EM PAREDE EXTERNAS DE CASAS, DUAS DEMÃOS | F89: 978 | G89: M² | H89: =COMPOSIÇÕES!F10 -> 34.482319 | I89: =ROUND(H89+(H89*I$5),2) -> 43.55 | J89: =ROUND(I89*F89,2) -> 42591.9
B90: 5.3.4 | C90: SINAPI | D90: 88488 | E90: PINTURA LÁTEX ACRÍLICA PREMIUM, APLICAÇÃO MANUAL EM TETO, DUAS DEMÃOS. | F90: 570 | G90: M² | H90: 16.15 | I90: =ROUND(H90+(H90*I$5),2) -> 20.4 | J90: =ROUND(I90*F90,2) -> 11628
B91: =" SUBTOTAL DE "&E76 -> SUBTOTAL DE PINTURA | J91: =SUM(J78:J90) -> 121380.22
B93: 6 | E93: REPAROS INTERNOS GERAIS
B94: 6.1 | C94: PESQUISA | E94: CANALETA BRANCA PARA AR CONDICIONADAO EM BARRA 85 x 70mm | F94: 72 | G94: M | H94: 44.09 | I94: =ROUND(H94+(H94*I$5),2) -> 55.69 | J94: =ROUND(I94*F94,2) -> 4009.68 | L94: 24 ares 3 metros cada
B95: 6.2 | C95: PESQUISA | E95: TERMINAL DE ACABAMENTO PARA CANALETA DE AR CONDICIONADO 85mm | F95: 25 | G95: UNID | H95: 10.17 | I95: =ROUND(H95+(H95*I$5),2) -> 12.84 | J95: =ROUND(I95*F95,2) -> 321 | O95: PINTURA EXTERNA
B96: 6.3 | C96: PESQUISA | E96: CURVA 90 PARA CANALETA CB80 - COR BRANCA | F96: 25 | G96: UNID | H96: 16.26 | I96: =ROUND(H96+(H96*I$5),2) -> 20.54 | J96: =ROUND(I96*F96,2) -> 513.5
B97: 6.3 | C97: SINAPI | D97: 100717 | E97: REPARO DE ESTRUTURA - LIXAMENTO MANUAL EM SUPERFÍCIES METÁLICAS EM OBRA. | F97: 10 | G97: M² | H97: 10.24 | I97: =ROUND(H97+(H97*I$5),2) -> 12.93 | J97: =ROUND(I97*F97,2) -> 129.3 | N97: PAV 01 | O97: 105.15 | P97: 2.8 | Q97: =O97*P97 -> 294.42
B98: 6.1 | C98: SINAPI | D98: 98397 | E98: REPARO DE ESTRUTURA - PINTURA ANTICORROSIVA DE PERFIL METÁLICO | F98: 10 | G98: M² | H98: 13.78 | I98: =ROUND(H98+(H98*I$5),2) -> 17.4 | J98: =ROUND(I98*F98,2) -> 174 | O98: 37.9 | P98: 2.8 | Q98: =O98*P98 -> 106.12
B99: 6.2 | C99: SINAPI | D99: 91189 | E99: CHUMBAMENTO PONTUAL DE ABERTURA EM LAJE | F99: 4 | G99: UNID | H99: 76.82 | I99: =ROUND(H99+(H99*I$5),2) -> 97.02 | J99: =ROUND(I99*F99,2) -> 388.08 | O99: 75.5 | P99: 2.8 | Q99: =O99*P99 -> 211.4
B100: 6.3 | C100: COMPOSIÇÃO | D100: 5 | E100: BEBEDOURO DE COLUNA, CONJUGADO ADULTO E INFANTIL, COM 2 TORNEIRAS, PURIFICADOR RE-FRIGERADO, EM INOX - FORNECIMENTO E INSTALAÇÃO | F100: 3 | G100: UNID | H100: =COMPOSIÇÕES!F69 -> 1020.6693 | I100: =ROUND(H100+(H100*I$5),2) -> 1289.11 | J100: =ROUND(I100*F100,2) -> 3867.33 | N100: PAV 02 | O100: 203.91 | P100: 3 | Q100: =O100*P100 -> 611.73
B101: 6.3 | C101: SINAPI | D101: 86885 | E101: ENGATE FLEXÍVEL EM PLÁSTICO BRANCO, 1/2" X 40CM - FORNECIMENTO E INSTALAÇÃO | F101: 3 | G101: UNID | H101: 13.48 | I101: =ROUND(H101+(H101*I$5),2) -> 17.03 | J101: =ROUND(I101*F101,2) -> 51.09
B102: 6.1 | C102: SINAPI | D102: 89355 | E102: TUBO, PVC, SOLDÁVEL, DE 20MM, INSTALADO EM RAMAL OU SUB-RAMAL DE ÁGUA - FORNECIMENTO E INSTALAÇÃO | F102: 25 | G102: M | H102: 22.18 | I102: =ROUND(H102+(H102*I$5),2) -> 28.01 | J102: =ROUND(I102*F102,2) -> 700.25 | Q102: =SUM(Q97:Q100) -> 1223.67
B103: 6.2 | C103: SINAPI | D103: 89393 | E103: TE, PVC, SOLDÁVEL, DN 20MM, INSTALADO EM RAMAL OU SUB-RAMAL DE ÁGUA - FORNECIMENTO E INSTALAÇÃO | F103: 12 | G103: UNID | H103: 12 | I103: =ROUND(H103+(H103*I$5),2) -> 15.16 | J103: =ROUND(I103*F103,2) -> 181.92 | N103: ESQUADRIA ABERTURAS | P103: pav 01 | Q103: =8.4+4.8+52.45+2.94+7.98+52.45 -> 129.02 | R103: m²
B104: 6.3 | C104: SINAPI | D104: 89371 | E104: LUVA, PVC, SOLDÁVEL, DN 20MM, INSTALADO EM RAMAL OU SUB-RAMAL DE ÁGUA - FORNECIMENTO E INSTALAÇÃO. | F104: 12 | G104: UNID | H104: 6.56 | I104: =ROUND(H104+(H104*I$5),2) -> 8.29 | J104: =ROUND(I104*F104,2) -> 99.48 | P104: pav 02 | Q104: =72.77+18.72+25.2 -> 116.69 | R104: m²
B105: 6.3 | C105: SINAPI | D105: 89358 | E105: JOELHO 90 GRAUS, PVC, SOLDÁVEL, DN 20MM, INSTALADO EM RAMAL OU SUB-RAMAL DE ÁGUA - FORNECIMENTO E INSTALAÇÃO | F105: 12 | G105: UNID | H105: 8.6 | I105: =ROUND(H105+(H105*I$5),2) -> 10.86 | J105: =ROUND(I105*F105,2) -> 130.32 | Q105: =SUM(Q103:Q104) -> 245.71
B106: 6.1 | C106: SINAPI | D106: 91179 | E106: FIXAÇÃO DE TUBOS HORIZONTAIS DE PVC ÁGUA/PVC ESGOTO/PVC PLUVIAL/CPVC/PPR/COBRE OU AÇO,DIÂMETROS MENORES OU IGUAIS A 40 MM, COM ABRAÇADEIRA METÁLICA RÍGIDA TIPO D COM PARAFUSO DE FIXAÇÃO 1 1/4", FIXADA DIRETAMENTE NA LAJE OU PAREDE | F106: =F102 -> 25 | G106: M | H106: 16.85 | I106: =ROUND(H106+(H106*I$5),2) -> 21.28 | J106: =ROUND(I106*F106,2) -> 532 | P106: TOTAL PINTURA EXTERNA | S106: =Q102-Q105 -> 977.96
B107: 6.2 | C107: SINAPI | D107: 88267 | E107: ENCANADOR OU BOMBEIRO HIDRÁULICO COM ENCARGOS COMPLEMENTARES | F107: 20 | G107: H | H107: 27.68 | I107: =ROUND(H107+(H107*I$5),2) -> 34.96 | J107: =ROUND(I107*F107,2) -> 699.2
B108: ="SUBTOTAL DE "&E93 -> SUBTOTAL DE REPAROS INTERNOS GERAIS | J108: =SUM(J94:J107) -> 11797.15
B110: 7 | E110: REPAROS EXTERNOS GERAIS
...

Sheet Levantamento
B2: LEVANTAMENTO PINTURA ESQUADRIAS
B3: JANELAS E PORTAS | H3: PAREDES INTERNAS
D4: QTDE | E4: TOTAL
B5: 0.9 | C5: 1.5 | D5: 2 | E5: =B5*C5*D5 -> 2.7 | H5: pav 01 | I5: 91.05 | J5: 2.8 | K5: =I5*J5 -> 254.94 | M5: cozinha e refeitório
B6: 2 | C6: 1.2 | D6: 3 | E6: =B6*C6*D6 -> 7.2 | I6: 158.46 | J6: 3.2 | K6: =I6*J6 -> 507.072 | M6: pátio coberto sob salas
B7: 2 | C7: 1.5 | D7: 2 | E7: =B7*C7*D7 -> 6 | H7: desconto aberturas | K7: 57.64
B8: 3.8 | C8: 0.7 | D8: 3 | E8: =B8*C8*D8 -> 7.98 | K8: =(K5+K6)-K7 -> 704.372 | L8: m²
B9: 0.9 | C9: 2.1 | D9: 2 | E9: =B9*C9*D9 -> 3.78
B10: 1.4 | C10: 2.1 | D10: 1 | E10: =B10*C10*D10 -> 2.94 | H10: pav 02 | I10: 614.18 | J10: 2.8 | K10: =I10*J10 -> 1719.704
B11: 2 | C11: 1.05 | D11: =2+5+4 -> 11 | E11: =B11*C11*D11 -> 23.1 | H11: desconto aberturas | K11: 53.5
B12: 1.05 | C12: 1.05 | D12: 1 | E12: =B12*C12*D12 -> 1.1025 | K12: =K10-K11 -> 1666.204
B13: 0.9 | C13: 0.6 | D13: 8 | E13: =B13*C13*D13 -> 4.32
B14: 7.8 | C14: 1.2 | D14: 2 | E14: =B14*C14*D14 -> 18.72 | H14: total | K14: =K12+K8 -> 2370.576
B15: 1 | C15: 0.6 | D15: 1 | E15: =B15*C15*D15 -> 0.6
B16: 3.85 | C16: 1.05 | D16: =4+2+12 -> 18 | E16: =B16*C16*D16 -> 72.765
B17: 2.85 | C17: 0.6 | D17: 1 | E17: =B17*C17*D17 -> 1.71
B18: 3.9 | C18: 0.6 | D18: 1 | E18: =B18*C18*D18 -> 2.34
E19: =SUM(E5:E18) -> 155.2575
B20: PINTURA 2 LADOS | E20: =E19*2 -> 310.515
B22: desconto esquadrias da pintura
B23: pav 01 | D23: area | E23: excessão 2m | F23: qtde | G23: total de desconto
B24: 2 | C24: 1.5 | D24: =B24*C24 -> 3 | E24: =D24-2 -> 1 | F24: 2 | G24: =E24*F24 -> 2
B25: 2 | C25: 1.2 | D25: =B25*C25 -> 2.4 | E25: =D25-2 -> 0.4 | F25: 3 | G25: =E25*F25 -> 1.2
B26: 3.8 | C26: 0.7 | D26: =B26*C26 -> 2.66 | E26: =D26-2 -> 0.66 | F26: 3 | G26: =E26*F26 -> 1.98
B27: 34.97 | C27: 1.5 | D27: =B27*C27 -> 52.455 | E27: aberturas pátio coberto | G27: =D27 -> 52.455
G28: =SUM(G24:G27) -> 57.635
B30: pav 02 | D30: area | E30: excessão 2m | F30: qtde | G30: total de desconto
B31: 2.05 | C31: 1.05 | D31: =B31*C31 -> 2.1525 | E31: =D31-2 -> 0.1525 | F31: 11 | G31: =E31*F31 -> 1.6775
B32: 7.8 | C32: 1.2 | D32: =B32*C32 -> 9.36 | E32: =D32-2 -> 7.36 | F32: 2 | G32: =E32*F32 -> 14.72
B33: 3.85 | C33: 1.05 | D33: =B33*C33 -> 4.0425 | E33: =D33-2 -> 2.0425 | F33: 18 | G33: =E33*F33 -> 36.765
B34: 3.9 | C34: 0.6 | D34: =B34*C34 -> 2.34 | E34: =D34-2 -> 0.34 | F34: 1 | G34: =E34*F34 -> 0.34
G35: =SUM(G31:G34) -> 53.5025
H37: PAREDES EXTERNAS
H39: pav 01 | I39: 50.2 | J39: 2.8 | K39: =I39*J39 -> 140.56
I40: 93.5 | J40: 3.2 | K40: =I40*J40 -> 299.2
H41: desconto aberturas | K41: 57.64
K42: =(K39+K40)-K41 -> 382.12 | L42: m²
H44: pav 02 | I44: 209.31 | J44: 2.8 | K44: =I44*J44 -> 586.068
H45: desconto aberturas | K45: 53.5
K46: =K44-K45 -> 532.568
H48: total | K48: =K46+K42 -> 914.688

Sheet ORÇAMENTO TELHADO TANCREDO
E3: ORÇAMENTO GLOBAL | H3: Referências:
H4: Sinapi: | I4: 46105
H5: BDI: | I5: 0.2637
B7: DPPU - DEPARTAMENTO DE PROJETOS E PLANEJAMENTO URBANO
B8: OBRA: | C8: REFORMA TELHADO ESCOLA MUNICIPAL DE ENSINO FUNDAMENTAL TANCREDO DE ALMEIDA NEVES | F8: DATA: | G8: 46142
B9: LOCAL: | C9: R. Dom Pedro I, 280 - União, Flores da Cunha - RS
B10: ITEM | C10: FONTE | D10: CÓDIGO | E10: DESCRIÇÃO DOS SERVIÇOS | F10: QUANT. | G10: UNID. | H10: VALOR UNIT. SEM BDI (R$) | I10: VALOR UNIT. COM BDI (R$) | J10: VALOR TOTAL (R$)
B11: 1 | E11: SERVIÇOS PRELIMINARES
B12: 1.1 | C12: SINAPI | D12: 103689 | E12: FORNECIMENTO E INSTALAÇÃO DE PLACA DE OBRA COM CHAPA GALVANIZADA E ESTRUTURA DE MADEIRA. | F12: 3 | G12: M² | H12: 493.03 | I12: =ROUND(H12+(H12*I$5),2) -> 623.04 | J12: =ROUND(F12*I12,2) -> 1869.12
B13: 1.2 | C13: SINAPI | D13: 90778 | E13: ENGENHEIRO CIVIL DE OBRA PLENO COM ENCARGOS COMPLEMENTARES | F13: 20 | G13: H | H13: 135.68 | I13: =ROUND(H13+(H13*I$5),2) -> 171.46 | J13: =ROUND(F13*I13,2) -> 3429.2
B14: 1.3 | C14: PESQUISA | E14: CAÇAMBA DE ENTULHO GRANDE | F14: 10 | G14: UNID | H14: 450 | I14: =ROUND(H14+(H14*I$5),2) -> 568.67 | J14: =ROUND(F14*I14,2) -> 5686.7
B15: ="SUBTOTAL DE "&E11 -> SUBTOTAL DE SERVIÇOS PRELIMINARES | J15: =SUM(J12:J14) -> 10985.02
B17: 2 | E17: TELHADO
B18: 2.1 | C18: SINAPI - I | D18: 20193 | E18: LOCACAO DE ANDAIME METALICO TIPO FACHADEIRO, PECAS COM APROXIMADAMENTE 1,20 M DE LARGURA E 2,0 M DE ALTURA, INCLUINDO DIAGONAIS EM X, BARRAS DE LIGACAO, SAPATAS E DEMAIS ITENS NECESSARIOS A MONTAGEM (NAO INCLUI INSTALACAO) | F18: 200 | G18: MXMES | H18: 22.5 | I18: =ROUND(H18+(H18*I$5),2) -> 28.43 | J18: =ROUND(I18*F18,2) -> 5686
B19: 2.2 | C19: SINAPI | D19: 97063 | E19: MONTAGEM E DESMONTAGEM DE ANDAIME MODULAR FACHADEIRO, COM PISO METÁLICO, PARA EDIFÍCIOS COM MULTIPLOS PAVIMENTOS (EXCLUSIVE ANDAIME E LIMPEZA) | F19: 50 | G19: M² | H19: 21.08 | I19: =ROUND(H19+(H19*I$5),2) -> 26.64 | J19: =ROUND(I19*F19,2) -> 1332
B20: 2.3 | C20: SINAPI | D20: 93287 | E20: GUINDASTE HIDRÁULICO COM CESTO, COM LANÇA TELESCÓPICA 40 M, CAPACIDADE MÁXIMA 60 T, POTÊNCIA 260 KW - CHP DIURNO | F20: 30 | G20: CHP | H20: 363.06 | I20: =ROUND(H20+(H20*I$5),2) -> 458.8 | J20: =ROUND(I20*F20,2) -> 13764
B21: 2.4 | C21: SINAPI | D21: 93288 | E21: GUINDASTE HIDRÁULICO COM CESTO, COM LANÇA TELESCÓPICA 40 M, CAPACIDADE MÁXIMA 60 T, POTÊNCIA 260 KW - CHP DIURNO | F21: 10 | G21: CHI | H21: 192.95 | I21: =ROUND(H21+(H21*I$5),2) -> 243.83 | J21: =ROUND(I21*F21,2) -> 2438.3
B22: 2.5 | C22: SINAPI | D22: 97649 | E22: REMOÇÃO DE TELHAS DE FIBROCIMENTO, METÁLICA E CERÂMICA, DE FORMA MECANIZADA, COM USO DE GUINDASTE, SEM REAPROVEITAMENTO | F22: =360+734+41 -> 1135 | G22: M² | H22: 4.83 | I22: =ROUND(H22+(H22*I$5),2) -> 6.1 | J22: =ROUND(I22*F22,2) -> 6923.5
B23: 2.6 | C23: SINAPI | D23: 97650 | E23: REMOÇÃO DE TRAMA DE MADEIRA PARA COBERTURA, DE FORMA MANUAL, SEM REAPROVEITAMENTO | F23: 381.5 | G23: M² | H23: 8.22 | I23: =ROUND(H23+(H23*I$5),2) -> 10.39 | J23: =ROUND(I23*F23,2) -> 3963.79 | K23: consideração de 30% do telhado + ligação dos prédios a refazer
B24: 2.7 | C24: SINAPI | D24: 104803 | E24: REMOÇÃO CALHAS E RUFOS, DE FORMA MANUAL, SEM REAPROVEITAMENTO | F24: 196.4 | G24: M | H24: 4.85 | I24: =ROUND(H24+(H24*I$5),2) -> 6.13 | J24: =ROUND(I24*F24,2) -> 1203.93
B25: 2.8 | C25: SINAPI | D25: 92543 | E25: TRAMA DE MADEIRA COMPOSTA POR TERÇAS PARA TELHADOS DE ATÉ 2 ÁGUAS PARA TELHA ONDULADA DE FIBROCIMENTO, METÁLICA, PLÁSTICA OU TERMOACÚSTICA, INCLUSO TRANSPORTE VERTICAL | F25: 381.5 | G25: M² | H25: 25.42 | I25: =ROUND(H25+(H25*I$5),2) -> 32.12 | J25: =ROUND(I25*F25,2) -> 12253.78
B26: 2.9 | C26: SINAPI | D26: 94213 | E26: TELHAMENTO COM TELHA DE AÇO/ALUMÍNIO E = 0,5 MM, COM ATÉ 2 ÁGUAS, INCLUSO IÇAMENTO | F26: =F22 -> 1135 | G26: M² | H26: 58.11 | I26: =ROUND(H26+(H26*I$5),2) -> 73.43 | J26: =ROUND(I26*F26,2) -> 83343.05
B27: 2.10 | C27: SINAPI | D27: 94227 | E27: CALHA EM CHAPA DE AÇO GALVANIZADO NÚMERO 24, DESENVOLVIMENTO DE 33 CM, INCLUSO TRANSPORTE VERTICAL. | F27: 212 | G27: M | H27: 73.04 | I27: =ROUND(H27+(H27*I$5),2) -> 92.3 | J27: =ROUND(I27*F27,2) -> 19567.6
B28: 2.11 | C28: SINAPI | D28: 94227 | E28: CUMEEIRA EM CHAPA DE AÇO GALVANIZADO NÚMERO 24, INCLUSO TRANSPORTE VERTICAL. | F28: 123 | G28: M | H28: 73.04 | I28: =ROUND(H28+(H28*I$5),2) -> 92.3 | J28: =ROUND(I28*F28,2) -> 11352.9
B29: 2.12 | C29: SINAPI | D29: 100327 | E29: RUFO EXTERNO/INTERNO EM CHAPA DE AÇO GALVANIZADO NÚMERO 26, CORTE DE 33 CM, INCLUSO IÇAMENTO | F29: 13 | G29: M | H29: 67.26 | I29: =ROUND(H29+(H29*I$5),2) -> 85 | J29: =ROUND(I29*F29,2) -> 1105
B30: 2.13 | C30: SINAPI - I | D30: 43614 | E30: ESPELHO - TABUA NAO APARELHADA *2,5 X 15* CM, EM MACARANDUBA/ MASSARANDUBA, ANGELIM OU EQUIVALENTE DA REGIAO - BRUTA | F30: 212 | G30: M | H30: 14.54 | I30: =ROUND(H30+(H30*I$5),2) -> 18.37 | J30: =ROUND(I30*F30,2) -> 3894.44
B31: 2.14 | C31: SINAPI | D31: 88323 | E31: TELHADISTA COM ENCARGOS COMPLEMENTARES | F31: 100 | G31: H | H31: 27.25 | I31: =ROUND(H31+(H31*I$5),2) -> 34.44 | J31: =ROUND(I31*F31,2) -> 3444
B32: 2.15 | C32: SINAPI | D32: 97640 | E32: BEIRAIS - REMOÇÃO DE FORROS DE DRYWALL, PVC E FIBROMINERAL, DE FORMA MANUAL, SEM REAPROVEITAMENTO | F32: =60.24+91.76 -> 152 | G32: M² | H32: 2.17 | I32: =ROUND(H32+(H32*I$5),2) -> 2.74 | J32: =ROUND(I32*F32,2) -> 416.48
B33: 2.16 | C33: SINAPI | D33: 96486 | E33: BEIRAIS - FORRO EM RÉGUAS DE PVC, LISO, PARA AMBIENTES COMERCIAIS, INCLUSIVE ESTRUTURA BIDIRECIONAL DE FIXAÇÃO. | F33: 185 | G33: M² | H33: 88.71 | I33: =ROUND(H33+(H33*I$5),2) -> 112.1 | J33: =ROUND(I33*F33,2) -> 20738.5 | K33: INCLUI LIGAÇÃO ENTRE AS EDIFICAÇÕES QUE HOJE NÃO TEM BEIRAL
B34: 2.17 | C34: SINAPI | D34: 102193 | E34: ESPELHOS - LIXAMENTO DE MADEIRA PARA APLICAÇÃO DE FUNDO OU PINTURA. AF_01/2021 | F34: 75 | G34: M² | H34: 2.2 | I34: =ROUND(H34+(H34*I$5),2) -> 2.78 | J34: =ROUND(I34*F34,2) -> 208.5
B35: 2.18 | C35: SINAPI | D35: 102197 | E35: ESPELHOS - PINTURA FUNDO NIVELADOR ALQUÍDICO BRANCO EM MADEIRA. AF_01/2021 | F35: 75 | G35: M² | H35: 31.18 | I35: =ROUND(H35+(H35*I$5),2) -> 39.4 | J35: =ROUND(I35*F35,2) -> 2955
B36: 2.19 | C36: SINAPI | D36: 102219 | E36: ESPELHOS - PINTURA TINTA DE ACABAMENTO (PIGMENTADA) ESMALTE SINTÉTICO ACETINADO EM MADEIRA, 2 DEMÃOS. AF_01/2021 | F36: 75 | G36: M² | H36: 17.56 | I36: =ROUND(H36+(H36*I$5),2) -> 22.19 | J36: =ROUND(I36*F36,2) -> 1664.25
B37: =" TOTAL DE "&E17 -> TOTAL DE TELHADO | J37: =SUM(J18:J36) -> 196255.02
E39: TOTAL DO ORÇAMENTO | J39: =J15+J37 -> 207240.04
G41: Flores da Cunha, 30 de abril de 2026.
E45: _______________________________________________________________
E46: NATIELE FERRARI PAGLIARINI
E47: Engenheira Civil - CREA-RS 225534

Sheet CRONOGRAMA TELHADO
B2: CRONOGRAMA FÍSICO-FINANCEIRO
B3: Reforma Telhado da Escola Municipal de Ensino Fundamental Tancredo de Almeida Neves
B4: MUNICÍPIO DE FLORES DA CUNHA
D6: ITEM | E6: 1º MÊS | F6: 2º MÊS | G6: TOTAL | H6: PERC. TOTAL
B7: 1 | D7: SERVIÇOS PRELIMINARES | E7: =E8*$G$7 -> 7689.514 | F7: =F8*$G$7 -> 3295.506 | G7: ='ORÇAMENTO TELHADO TANCREDO'!J15 -> 10985.02 | H7: =G7/$G$11 -> 0.053006263
E8: 0.7 | F8: 0.3 | G8: =SUM(E8:F8) -> 1
B9: 2 | D9: TELHADO | E9: =E10*$G$9 -> 127565.76 | F9: =F10*$G$9 -> 68689.257 | G9: ='ORÇAMENTO TELHADO TANCREDO'!J37 -> 196255.02 | H9: =G9/$G$11 -> 0.94699374
B10: , | E10: 0.65 | F10: 0.35 | G10: =SUM(E10:F10) -> 1
D11: Total da Etapa | E11: =E7+E9 -> 135255.28 | F11: =F7+F9 -> 71984.763 | G11: =SUM(E11:F11) -> 207240.04 | H11: =G11/$G$11 -> 1
E12: =E11/$G$11 -> 0.65265031 | F12: =F11/$G$11 -> 0.34734969 | G12: =SUM(E12:F12) -> 1
D13: Total Acumulado | E13: =E11 -> 135255.28 | F13: =E13+F11 -> 207240.04
E14: =E12 -> 0.65265031 | F14: =SUM(E14+F12) -> 1
D17: Flores da Cunha, 30 de abril de 2026.
D21: _______________________________________________________________
D22: NATIELE FERRARI PAGLIARINI
D23: Engenheira Civil - CREA-RS 225534
